 Dungeon Crawl Stone Soup version 0.29.1-13-g9f3cf754e1 (webtiles) character file.

Game seed: 5581944050775270181

265 shadowmeld the Magician (level 6, -3/42 HPs)
             Began as a Djinni Hedge Wizard on Feb 6, 2023.
             Slain by a hound (4 damage)
             ... on level 4 of the Dungeon.
             The game lasted 00:18:19 (4432 turns).

shadowmeld the Magician (Djinni Hedge Wizard)       Turns: 4432, Time: 00:18:19

Health: -3/42      AC:  3    Str:  9    XL:     6   Next: 44%
Gold:   178        EV: 13    Int: 18    God:
                   SH:  0    Dex: 18

rFire   + + .      SeeInvis .   A - +2 spear (freeze)
rCold   x . .      Faith    .   (no shield)
rNeg    . . .      Spirit   .   b - +0 robe
rPois   ∞          Reflect  .   c - +0 hat
rElec   .          Harm     .   (no cloak)
rCorr   .          Rampage  .   n - +0 pair of gloves
Will    .....                   (boots unavailable)
Stlth   ++........              d - amulet of the acrobat
HPRegen 0.14/turn               o - +6 ring of dexterity
MPRegen 0.00/turn               (no ring)

@: flying
A: sickness immunity, fire resistance 2, cold vulnerability 1, float, innate
caster, HP casting, extra vitality 1
a: no special abilities


You were on level 4 of the Dungeon.
You visited 1 branch of the dungeon, and saw 4 of its levels.

You collected 178 gold pieces.

Inventory:

Hand Weapons
 A - a +2 spear of freezing (weapon)
Missiles
 h - 37 stones
 p - 6 poisoned darts
Armour
 b - a +0 robe (worn)
 c - a +0 hat (worn)
 n - a +0 pair of gloves (worn)
Jewellery
 d - an amulet of the acrobat (around neck)
 o - a +6 ring of dexterity (left hand)
 q - an amulet of the acrobat
Wands
 g - a wand of paralysis (9)
 v - a wand of flame (18)
Scrolls
 f - a scroll of torment {unknown}
 k - a scroll of identify {unknown}
 l - a scroll of teleportation {unknown}
 m - a scroll of noise {unknown}
 w - 2 scrolls of amnesia {unknown}
 x - a scroll of immolation {unknown}
 y - a scroll of brand weapon {unknown}
 B - a scroll of vulnerability {unknown}
Potions
 a - 3 potions of mutation {unknown}
 e - 3 potions of curing {unknown}
 i - a potion of invisibility {unknown}
 j - a potion of brilliance {unknown}
 r - a potion of heal wounds {unknown}
 s - a potion of berserk rage {unknown}
 t - a potion of might {unknown}
 u - 2 potions of ambrosia {unknown}
 z - a potion of lignification {unknown}


   Skills:
 * Level 1.6 Fighting
 * Level 3.0 Dodging
 - Level 1.5 Stealth
 * Level 4.7 Spellcasting


You couldn't memorise any spells.
You knew the following spells:

 Your Spells              Type           Power      Damage    Failure   Level
a - Magic Dart            Conj           84%        1d7       1%          1
b - Blink                 Tloc           42%        N/A       3%          2
c - Call Imp              Summ           21%        N/A       3%          2
d - Slow                  Hex            84%        N/A       1%          1
e - Conjure Flame         Conj/Fire      21%        6-21      6%          3
f - Mephitic Cloud        Conj/Pois/Air  21%        N/A       6%          3
g - Necrotise             Necr           84%        1d8       1%          1
h - Poisonous Vapours     Pois/Air       42%        N/A       3%          2
Your spell library was empty.

Dungeon Overview and Level Annotations

Branches:
Dungeon (4/15)
 Temple: D:4-7

Altars:
Elyvilon

Shops:
D:4 (


Innate Abilities, Weirdness & Mutations

You are immune to sickness and miasma.
You are immune to poison.
Your flesh is very heat resistant. (rF++)
You are vulnerable to cold. (rC-)
You float through the air rather than walking.
You learn spells naturally, not from books.
Your magical power is your life essence.
You have superior vitality. (+4 MHP)


Message History

Confirm with . or Enter, or press ? or * to list all spells.
You can't see any susceptible monsters within range! (Use Z to cast anyway.)
Casting: Blink (safe; 3% risk of failure)
Confirm with . or Enter, or press ? or * to list all spells.
Aiming: Poisonous Vapours (safe; 3% risk of failure)
Press: ? - help, Dir - move target, f/p - hound
Aim: a hound (ally target) Poisonous vapours surround the hound!
The hound is poisoned.
* * * LOW HITPOINT WARNING * * *
The hound bites your iron imp. Something barely misses your iron imp.
Your iron imp hits the hound.
The hound bites your iron imp. Something bites your iron imp.
Something bites your iron imp but does no damage.
The hound bites your iron imp.
Your iron imp barely misses the hound.
The hound barely misses your iron imp. Something closely misses your iron imp.
The hound bites your iron imp.
Your iron imp dies!
Your iron imp disappears in a puff of smoke!
A hound comes into view.
Casting: Poisonous Vapours (safe; 3% risk of failure)
Confirm with . or Enter, or press ? or * to list all spells.
The fire begins to smoulder!
* * * LOW HITPOINT WARNING * * *
The hound misses you. The hound attacks as you move away!
The hound bites you but does no damage.
Found Keor's Antique Weapon Boutique.
The hound misses you.
The fire ignites!
There is an open door here.
You see here a hobgoblin corpse.
Casting: Conjure Flame (dangerous; 6% risk of failure)
Confirm with . or Enter, or press ? or * to list all spells.
You don't have enough health to cast this spell.
You hit the hound. You freeze the hound.
The hound is lightly wounded.
The hound barely misses you.
You hit the hound but do no damage.
The hound is severely wounded.
The hound bites you.
* * * LOW HITPOINT WARNING * * *
The hound bites you.
You die...

#. .....∩. #.# ....#.#
#### #.####...... .....
#.#.......#
......#.##.#...#### ...
......#.##.#.......
...#.......#.##h#....###
..............h@.......
... ###.##.##○#....#.# #
#.####....####....# /?
#......#..........#
...#..........########
..#................
#.##........######
#5#...####.#
#h##..###...


You could see 2 hounds.

Vanquished Creatures
  A scorpion (D:4)
  9 adders
  3 gnolls (D:3)
  An ufetubus (D:2)
  3 dart slugs
  An orc (D:4)
  5 ball pythons
  10 endoplasms
  6 giant cockroaches
  8 goblins
  9 hobgoblins
  3 jackals (D:2)
  2 quokkas
  5 bats
  4 frilled lizards
  6 kobolds
  7 rats
  3 butterflies (D:1)
86 creatures vanquished.

Vanquished Creatures (others)
  8 plants (D:3)
8 creatures vanquished.

Grand Total: 94 creatures vanquished

Notes
Turn   | Place    | Note
-------+----------+-------------------------------------------
     0 | D:1      | shadowmeld the Djinni Hedge Wizard began the quest for the
                  | Orb.
     0 | D:1      | shadowmeld set off with the following spells memorised:
                  | Magic Dart, Blink, Call Imp, Slow, Conjure Flame, Mephitic
                  | Cloud.
     0 | D:1      | Reached XP level 1. HP: 15/15 MP: 0/0
    33 | D:1      | Reached XP level 2. HP: 6/21 MP: 0/0
   765 | D:1      | Reached skill level 3 in Spellcasting
   766 | D:1      | Reached XP level 3. HP: 8/26 MP: 0/0
   766 | D:1      | Learned a level 1 spell: Necrotise
  1688 | D:2      | Reached XP level 4. HP: 28/31 MP: 0/0
  1795 | D:2      | Reached skill level 1 in Fighting
  2471 | D:2      | Reached XP level 5. HP: 34/37 MP: 0/0
  2471 | D:2      | Learned a level 2 spell: Poisonous Vapours
  2512 | D:2      | Found a faded altar of an unknown god.
  3177 | D:3      | Reached skill level 4 in Spellcasting
  3579 | D:3      | Found a white marble altar of Elyvilon.
  4238 | D:4      | Reached XP level 6. HP: 23/42 MP: 0/0
  4430 | D:4      | Found Keor's Antique Weapon Boutique.
  4432 | D:4      | HP: 1/42 [hound (1)]
  4432 | D:4      | Slain by a hound

Illustrated notes

Levels and vault maps discovered:
D:1:      spicycebolla_arrival_clurvy, layout_basic
D:2:      layout_loops_ring, basic_ecumenical_altar, minmay_quadrilaterals
D:3:      layout_basic, nicolae_overflow_two_pavilions, serial_bayou_lagoon_a
D:4:      layout_basic, mainiacjoe_overflow_small_starburst,
          makhleb_heckhound_becter, serial_shops, nicolae_shop_crystal,
          minmay_vboxes, uniq_grinder

Skill      XL: |  1  2  3  4  5  6 |
---------------+-------------------+-----
Spellcasting   | 3 4 |  4.7
Fighting       | 1 |  1.6
Dodging        | 3 |  3.0
Stealth        | |  1.5

Action                   |  1- 3 |  4- 6 || total
-------------------------+-------+-------++-------
Melee: Sling             |       |     4 ||     4
       Spear             |       |     2 ||     2
 Fire: Sling             |    12 |       ||    12
 Cast: Magic Dart        |    67 |   132 ||   199
       Conjure Flame     |       |     3 ||     3
       Call Imp          |       |     3 ||     3
       Poisonous Vapours |       |     3 ||     3
       Mephitic Cloud    |       |     1 ||     1
       Blink             |       |     1 ||     1
Evoke: Wand              |       |     1 ||     1
Armor: Robe              |     1 |    11 ||    12
Dodge: Dodged            |     9 |    25 ||    34
